 Dungeon Crawl Stone Soup version 0.21.1-1-g345015fe64 (webtiles) character file.

255 HypnoRock the Shooter (level 5, -4/42 HPs)
             Began as a Minotaur Hunter on June 9, 2018.
             Was an Initiate of Okawaru.
             Killed by nerve-wracking pain
             ... invoked by Menkaure
              (11 damage)
             ... on level 4 of the Dungeon.
             The game lasted 00:24:50 (2658 turns).

HypnoRock the Shooter (Minotaur Hunter)             Turns: 2658, Time: 00:24:50

Health: -4/42      AC:  7    Str: 16    XL:     5   Next: 91%
Magic:  4/4        EV: 11    Int:  8    God:    Okawaru [......]
Gold:   80         SH:  0    Dex: 12    Spells: 4/4 levels left

rFire    . . .     SeeInvis .   e - +2 dagger (flame)
rCold    . . .     Gourm    .   (no shield)
rNeg     . . .     Faith    .   d - +0 ring mail
rPois    .         Spirit   .   (helmet restricted)
rElec    .         Reflect  .   u - +0 cloak
rCorr    .         Harm     .   j - +0 pair of gloves
MR       .....                  (no boots)
Stlth    +.........             (no amulet)
HPRegen  0.14/turn              (no ring)
MPRegen  0.09/turn              (no ring)

@: no status effects
A: retaliatory headbutt, horns 2
a: Renounce Religion


You were on level 4 of the Dungeon.
You worshipped Okawaru.
Okawaru was noncommittal.
You were not hungry.

You visited 1 branch of the dungeon, and saw 4 of its levels.

You collected 80 gold pieces.

Inventory:

Hand Weapons
 a - a +1 shortbow
 b - a +0 short sword
 e - a +2 dagger of flaming (weapon)
 k - a +0 whip
 l - a +0 hand axe
 r - a +0 mace
 t - a +2 quarterstaff of chaos
Armour
 c - a +0 leather armour
 d - a +0 ring mail (worn)
 j - a +0 pair of gloves (worn)
 n - a +0 chain mail
 u - a +0 cloak (worn)
Wands
 p - a wand of acid (5)
Scrolls
 g - a scroll of enchant armour {unknown}
 h - 2 scrolls of remove curse
 m - 5 scrolls of identify
 o - 3 scrolls of teleportation {unknown}
 q - a scroll of enchant weapon {unknown}
 s - a scroll of fear {unknown}
 v - 2 scrolls of magic mapping {unknown}
 x - a scroll of amnesia {unknown}
Potions
 i - 2 potions of heal wounds
 w - 2 potions of agility
 z - a potion of brilliance
Comestibles
 f - 4 rations


   Skills:
 - Level 2.4 Fighting
 + Level 7.2 Bows
 - Level 3.0 Armour
 - Level 2.1 Dodging
 - Level 1.0 Stealth


You had 4 spell levels left.
You didn't know any spells.

Dungeon Overview and Level Annotations

Branches:
Dungeon (4/15)
 Temple: D:4-7

Altars:
Okawaru
Vehumet

Annotations:
D:4 Menkaure


Innate Abilities, Weirdness & Mutations

You reflexively headbutt those who attack you in melee.
You have a pair of horns on your head.


Message History

You shoot an arrow. The arrow hits Menkaure.
Menkaure is almost destroyed.
Menkaure calls on the powers of darkness!
Your body is wracked with pain!
* * * LOW HITPOINT WARNING * * *
Firing (i - inventory): No suitable missiles.
Press: ? - help, Shift-Dir - straight line, f/p - Menkaure
Aim: Menkaure (almost destroyed, fast)
Okay, then.
Evoke which item? (* to show all) (? for menu, Esc to quit)
Okay, then.
Wield which item (- for none, * to show all)? (? for menu, Esc to quit)
Your +2 dagger of flaming bursts into flame!
e - a +2 dagger of flaming (weapon)
Menkaure points at you and mumbles some strange words.
Pain shoots through your body!
* * * LOW HITPOINT WARNING * * *
Menkaure gestures at you while chanting.
Pain shoots through your body!
You die...

###########
#.........#
#.#######.# ##.##
#.# #.#
......######.#####
#.#
#((((M@.........#
#.#
#.....#####.###.#
#.# ......# #.#
#.# #.# ####.#
#.###.###.# #.
#.........# #
#####.###### ##+##
#.........#
##<..##
#.##<###..#
##.)...## #.##.# #


You could see Menkaure.

Vanquished Creatures
  A centaur zombie (D:2)
  Crazy Yiuf (D:2)
  An orc wizard (D:4)
  5 gnolls
  3 adders
  3 dart slugs
  7 leopard geckos
  4 orcs
  2 ball pythons (D:3)
  3 giant cockroaches
  3 goblins
  10 hobgoblins
  3 jackals (D:3)
  2 quokkas
  5 bats
  3 frilled lizards
  9 kobolds
  12 rats
77 creatures vanquished.

Notes
Turn   | Place    | Note
-------+----------+-------------------------------------------
     0 | D:1      | HypnoRock the Minotaur Hunter began the quest for the Orb.
     0 | D:1      | Reached XP level 1. HP: 18/18 MP: 0/0
     2 | D:1      | Reached skill level 1 in Stealth
   470 | D:1      | Reached XP level 2. HP: 25/25 MP: 1/1
   498 | D:1      | Reached skill level 5 in Bows
  1190 | D:2      | Reached skill level 1 in Armour
  1205 | D:2      | Reached XP level 3. HP: 30/30 MP: 2/2
  1348 | D:2      | Reached XP level 4. HP: 37/37 MP: 3/3
  1450 | D:2      | Found a runed door.
  1454 | D:2      | Noticed Crazy Yiuf
  1462 | D:2      | Killed Crazy Yiuf
  1498 | D:2      | Reached skill level 6 in Bows
  1500 | D:2      | Reached XP level 5. HP: 23/42 MP: 4/4
  2149 | D:3      | Found a radiant altar of Vehumet.
  2325 | D:3      | Found an iron altar of Okawaru.
  2337 | D:3      | Became a worshipper of Warmaster Okawaru
  2408 | D:3      | Reached skill level 7 in Bows
  2650 | D:4      | Noticed Menkaure
  2658 | D:4      | Killed from afar by Menkaure

Skill      XL: |  1  2  3  4  5 |
---------------+----------------+-----
Stealth        | 1 |  1.0
Bows           | 5 6 7 |  7.2
Armour         | 1 3 |  3.0
Fighting       | |  2.4
Dodging        | |  2.1

Action                   |  1- 3 |  4- 6 || total
-------------------------+-------+-------++-------
Melee: Short sword       |    10 |       ||    10
       Dagger            |    13 |    25 ||    38
       Headbutt          |     5 |    10 ||    15
       Quarterstaff      |       |     7 ||     7
 Fire: Shortbow          |    56 |   102 ||   158
  Use: Scroll            |       |     5 ||     5
  Eat: Chunk             |     1 |     4 ||     5
Armor: Leather armour    |     9 |     4 ||    13
       Chain mail        |     3 |       ||     3
       Ring mail         |       |     9 ||     9
Dodge: Dodged            |    24 |    32 ||    56
